Map: Neon Violet Square LE

Players

CatZ

  • Race: Zerg Zerg
  • League: Grandmaster
  • Spawn Location: 5:00

HalfBreed - Winner!

  • Race: Zerg Zerg
  • Spawn Location: 11:00

VOD

Have the link to the VOD?

Description

Time

  • Played on: Feb. 1, 2018, 2:16 p.m.
  • Length: 8:24
Show
View Real Time Build Order
Export as new Build Order

CatZ Zerg 

Build Orders: 1 Base Baneling Bust, Pool First, Zergling Baneling 

Get SALT Encoding   

  12  0:00  Drone  
  13  0:12  Extractor  
  12  0:25  Spawning Pool  
  11  0:29  Drone  
  11  0:33  Drone  
  13  0:39  Drone  
  14  0:51  Overlord  
  14  1:12  Zergling x2  
  14  1:13  Zergling x4  
  14  1:14  Metabolic Boost  
  17  1:23  Zergling x2  
  18  1:33  Baneling Nest  
  18  1:34  Zergling x2  
  18  1:45  Zergling x2  
  19  1:59  Zergling x2  
  20  2:15  Hatchery  
  19  2:18  Zergling x2  
  20  2:25  Baneling x2  
  20  2:32  Zergling x2  
  20  2:34  Baneling x2  
  21  2:39  Zergling x2  
  17  2:56  Zergling x4  
  19  3:04  Zergling x2  
  17  3:19  Baneling x2  
  16  3:21  Zergling x4  
  18  3:27  Zergling x2  
  18  3:40  Baneling  
  18  3:41  Baneling  
  18  3:42  Zergling x2  
  18  3:49  Zergling x2  
  18  3:54  Zergling x4  
  21  3:57  Zergling x2  
  20  4:10  Zergling x6  
  22  4:21  Zergling x4  
  24  4:29  Baneling  
  22  4:46  Zergling x4  
  22  4:51  Baneling x3  
  22  5:06  Drone x3  
  24  5:20  Zergling x2  
  24  5:21  Baneling, Zergling x2  
  20  5:35  Zergling x6  
  21  5:36  Zergling x2  
  21  5:39  Baneling  
  13  5:44  Zergling x2  
  13  5:50  Zergling x2  
  13  5:51  Zergling x2  
  15  6:03  Drone  
  15  6:04  Drone  
  15  6:10  Zergling x2  
  16  6:20  Baneling  
  16  6:22  Drone  
  17  6:32  Zergling x2  
  17  6:42  Zergling x4  
  12  6:55  Drone  
  12  6:56  Drone  
  12  7:02  Baneling  
  12  7:07  Baneling  
  12  7:12  Zergling x2  
  13  7:23  Zergling x2  
  13  7:26  Zergling x2  
  13  7:29  Baneling  
  14  7:46  Zergling x2  
  11  7:59  Zergling x4  
Show
View Real Time Build Order
Export as new Build Order

HalfBreed Zerg - Winner!

Build Orders: Pool First, Zergling Baneling 

Get SALT Encoding   

  12  0:01  Drone  
  13  0:13  Overlord  
  13  0:18  Drone  
  14  0:31  Drone x2  
  14  0:35  Drone  
  17  0:46  Extractor  
  17  0:47  Drone  
  17  0:51  Spawning Pool  
  16  0:59  Drone  
  17  1:07  Drone  
  18  1:20  Hatchery  
  18  1:24  Drone  
  20  1:40  Zergling x2  
  20  1:42  Zergling x2  
  20  1:43  Queen  
  22  1:50  Baneling Nest  
  21  1:59  Spine Crawler  
  21  2:01  Zergling x2  
  21  2:11  Zergling x2  
  21  2:12  Metabolic Boost  
  23  2:18  Overlord  
  23  2:35  Baneling  
  23  2:42  Zergling x6  
  26  2:45  Baneling  
  24  2:53  Zergling x10  
  25  3:05  Drone x3  
  24  3:11  Baneling, Zergling x2  
  26  3:19  Zergling x2  
  26  3:25  Queen  
  28  3:31  Zergling x2  
  27  3:34  Baneling  
  27  3:36  Zergling x2  
  25  3:44  Zergling x2  
  25  3:45  Zergling x2  
  27  3:49  Zergling x4  
  27  3:52  Zergling x2  
  30  3:56  Baneling  
  30  3:59  Baneling  
  30  4:00  Baneling x2  
  30  4:01  Zergling x2  
  31  4:03  Zergling x2  
  28  4:12  Zergling x2  
  29  4:26  Zergling x2  
  29  4:27  Zergling x4  
  29  4:30  Baneling  
  29  4:32  Zergling x2  
  29  4:40  Zergling x2  
  29  4:46  Zergling x2  
  29  4:47  Queen  
  29  4:48  Baneling x2  
  29  4:51  Overlord  
  29  4:52  Zergling x2  
  33  5:02  Zergling x4  
  35  5:07  Baneling x4  
  35  5:10  Zergling x2  
  34  5:18  Zergling x2  
  29  5:26  Zergling x2  
  29  5:27  Queen  
  30  5:35  Zergling x2  
  27  5:40  Zergling x4  
  25  5:46  Baneling  
  25  5:47  Baneling  
  24  6:00  Drone x3  
  24  6:05  Drone  
  24  6:10  Zergling x2  
  26  6:18  Zergling x2  
  27  6:22  Baneling x2  
  27  6:25  Zergling x4  
  28  6:31  Baneling x2  
  28  6:35  Zergling x4  
  28  6:39  Zergling x2  
  30  6:45  Zergling x2  
  23  7:05  Drone x2  
  25  7:10  Drone  
  26  7:28  Drone x3  
  29  7:35  Drone x2  
  30  7:46  Drone  
  30  7:56  Zergling x6  
Tags
 
Add a new tag
Caveats
  • Supply blocks, unpowered buildings, or Contaminate may cause inaccurate times.
  • Supply counts are checked every 10 seconds.